 Dungeon Crawl Stone Soup version 0.28-a0-1638-g9123634e07 (webtiles) character file.

Game seed: 11599447593728943223

1996 Sweetruy1997 the Magician (level 9, -2/100 HPs)
             Began as a Grey Draconian Air Elementalist on Jan 26, 2022.
             Was a Follower of Sif Muna.
             Slain by an orc warrior (12 damage)
             ... on level 7 of the Dungeon.
             The game lasted 00:19:07 (8043 turns).

Sweetruy1997 the Magician (DrAE)                    Turns: 8043, Time: 00:19:08

Health: -2/100     AC: 24    Str: 11    XL:     9   Next: 1%
Magic:  1/18       EV:  2    Int: 16    God:    Sif Muna [*.....]
Gold:   228        SH:  0    Dex: 15    Spells: 7/21 levels left

rFire   + + .      SeeInvis .   i - +5 dagger (elec)
rCold   + . .      Faith    .   (no shield)
rNeg    . . .      Spirit   .   (armour unavailable)
rPois   +          Reflect  .   (helmet currently unavailable)
rElec   +          Harm     .   (cloak currently unavailable)
rCorr   +          Rampage  .   (gloves currently unavailable)
Will    +....      NoTele   +   (boots currently unavailable)
Stlth   ++........              (no amulet)
HPRegen 0.26/turn               a - ring of wizardry
MPRegen 0.16/turn               e - ring "Ymirigry" {rF+ Will+ rCorr}

@: brilliant, tree-form, resistant
A: stationary, stasis, torment immunity, boosted hp, AC +12, (amphibious),
unfitting armour, (cold-blooded), subdued magic 1
a: Renounce Religion, Channel Magic


You were on level 7 of the Dungeon.
You worshipped Sif Muna.
Sif Muna was aware of your devotion.
You were a tree.
You visited 2 branches of the dungeon, and saw 8 of its levels.

You collected 228 gold pieces.

Inventory:

Hand Weapons
 i - a +5 dagger of electrocution (weapon)
Missiles
 o - 10 boomerangs
Armour
 m - a +0 pair of gloves (melded)
Jewellery
 a - a ring of wizardry (left branch)
 e - the ring "Ymirigry" (right branch) {rF+ Will+ rCorr}
   (You acquired it on level 5 of the Dungeon)

   [ring of willpower]

   rF:        It protects you from fire.
   rCorr:     It protects you from acid and corrosion.
   Will:      It increases your willpower.
 k - a +6 ring of strength
Wands
 f - a wand of acid (6)
 p - a wand of iceblast (8)
Scrolls
 g - 2 scrolls of teleportation
 h - a scroll of fear
Potions
 b - a potion of curing
 j - a potion of heal wounds {unknown}
 l - a potion of cancellation
 s - a potion of brilliance


   Skills:
 - Level 2.0 Fighting
 + Level 3.6 Short Blades
 - Level 2.0 Dodging
 - Level 2.0 Stealth
 + Level 6.6 Spellcasting
 + Level 5.6 Conjurations
 + Level 0.3 Transmutations
 + Level 5.5 Air Magic


You had 7 spell levels left.
You knew the following spells:

 Your Spells              Type           Power      Damage    Failure   Level
a - Shock                 Conj/Air       100%       1d9       1%          1
b - Static Discharge      Conj/Air       26%        N/A       1%          2
c - Swiftness             Air            26%        N/A       1%          3
d - Airstrike             Air            13%        N/A       4%          4
e - Sublimation of Blood  Necr           6%         N/A       7%          2
f - Wereblood             Tmut           7%         N/A       6%          2

Your spell library contained the following spells:

 Spells                   Type           Power      Damage    Failure   Level
 Summon Hydra             Summ           3%         N/A       100%        7


Dungeon Overview and Level Annotations

Branches:
Dungeon (7/15)             Temple (1/1) D:4

Altars:
Ashenzari
Cheibriados
Dithmenos
Elyvilon
Fedhas
Gozag
Hepliaklqana
Kikubaaqudgha
Makhleb
Nemelex Xobeh
Okawaru
Qazlal
Sif Muna
Trog
Uskayaw
Vehumet
Xom
Yredelemnul
Zin
The Shining One


Innate Abilities, Weirdness & Mutations

You are a tree.
Your roots penetrate the ground, keeping you stationary.
You cannot be teleported.
You are immune to unholy pain and torment.
Your maximum health is greatly increased.
Your equipment is partially melded.
((Your dull iron-grey scales are very hard. (AC +12)))
((You are amphibious.))
You cannot fit into any form of body armour.
((You are cold-blooded and may be slowed by cold attacks.))
Your spells are a little easier to cast, but a little less powerful.


Message History

The orc priest mumbles some strange prayers to Beogh against you.
Beogh smites you!
* * * LOW HITPOINT WARNING * * *
The centaur hits you but does no damage.
The centaur misses you.
You feel better. The centaur misses you. The centaur barely misses you.
You hit the centaur but do no damage.
Your tail-slap misses the centaur.
The centaur is almost dead.
The centaur barely misses you. x2
You closely miss the centaur.
The centaur is almost dead.
The centaur misses you. The centaur barely misses you.
The centaur hits you but does no damage.
The centaur kicks you but does no damage.
It was a potion of resistance.
You feel protected. The centaur barely misses you.
The centaur closely misses you.
It was a potion of lignification.
You turn into a tree.
Your +0 pair of gloves melds into your body.
Your roots penetrate the ground.
The centaur hits you.
* * * LOW HITPOINT WARNING * * *
The centaur kicks you but does no damage.
The centaur hits you but does no damage.
The centaur kicks you but does no damage.
You puncture the centaur!
You kill the centaur!
Sif Muna accepts your kill. The orc warrior barely misses you.
You have reached level 9!
Your experience leads to an increase in your attributes!
Increase (S)trength, (I)ntelligence, or (D)exterity?
You feel agile. x2; Your scales feel tougher.
The orc warrior hits you with a +0 hand axe!
* * * LOW HITPOINT WARNING * * *
You hit the orc priest.
Lightning courses through the orc priest!
The orc priest is almost dead.
The orc priest barely misses you.
The orc warrior hits you with a +0 hand axe!
You die...

§§§§.....
#.§§.......# #<#
...
..#####.#####....#
............c.....
.........)###...#
..........)...#
.......o##.)).#
........♣o.#......
.........###.##...
.......... # ..
.....####.# #
#..#. .# . .. ##


You could see an orc warrior and an orc priest.

Vanquished Creatures
  A steam dragon (D:5)
  An ice beast (D:6)
  A sky beast (D:5)
  A black bear (D:5)
  2 orc warriors
  4 ogres
  A necrophage (D:6)
  2 centaurs
  A phantom (D:6)
  A bullfrog (D:4)
  A water moccasin zombie (D:5)
  A water moccasin skeleton (D:5)
  3 orc priests (D:6)
  A hound (D:4)
  A centaur skeleton (D:4)
  Jessica (D:2)
  2 iguanas
  3 orc wizards
  A killer bee zombie (D:6)
  A hound skeleton (D:4)
  7 gnolls
  A howler monkey zombie (D:6)
  3 adders
  A shadow imp (D:6)
  A white imp (D:6)
  2 ufetubi (D:5)
  2 worms
  22 orcs
  4 endoplasms
  3 giant cockroaches
  5 goblins
  6 hobgoblins
  8 jackals
  8 kobolds
  2 quokkas
  6 ball pythons
  5 bats
  3 frilled lizards
  4 rats
123 creatures vanquished.

Notes
Turn   | Place    | Note
-------+----------+-------------------------------------------
     0 | D:1      | Sweetruy1997 the Draconian Air Elementalist began the quest
                  | for the Orb.
     0 | D:1      | Reached XP level 1. HP: 14/14 MP: 3/3
   455 | D:1      | Reached XP level 2. HP: 20/20 MP: 1/5
   879 | D:1      | Learned a level 2 spell: Static Discharge
  1475 | D:2      | Found a faded altar of an unknown god.
  1493 | D:2      | Reached XP level 3. HP: 27/27 MP: 2/6
  1631 | D:2      | Found a shadowy altar of Dithmenos.
  1766 | D:2      | Noticed Jessica
  1772 | D:2      | Killed Jessica
  2046 | D:2      | Reached skill level 3 in Spellcasting
  2046 | D:2      | Reached XP level 4. HP: 34/34 MP: 6/8
  2050 | D:2      | Learned a level 3 spell: Swiftness
  3185 | D:4      | Reached XP level 5. HP: 36/39 MP: 1/10
  3673 | D:4      | Reached XP level 6. HP: 43/46 MP: 0/11
  3940 | D:4      | Found a staircase to the Ecumenical Temple.
  4023 | D:4      | Reached skill level 1 in Fighting
  4455 | D:5      | Entered Level 5 of the Dungeon
  4495 | Temple   | Entered the Ecumenical Temple
  4637 | Temple   | Became a worshipper of Sif Muna the Loreminder
  4696 | D:5      | Noticed a steam dragon
  4704 | D:5      | Killed a steam dragon
  4705 | D:5      | Reached skill level 1 in Short Blades
  4705 | D:5      | Reached skill level 4 in Spellcasting
  5115 | D:5      | Your scales start taking on a dull iron-grey colour.
  5115 | D:5      | Reached XP level 7. HP: 51/52 MP: 9/13
  5610 | D:5      | Learned a level 4 spell: Airstrike
  5613 | D:5      | Learned a level 2 spell: Sublimation of Blood
  5616 | D:5      | Learned a level 2 spell: Wereblood
  5706 | D:5      | Reached skill level 5 in Spellcasting
  5947 | D:5      | Reached XP level 8. HP: 51/61 MP: 12/15
  6153 | D:5      | Gained mutation: You are robust. (+10% HP) [potion of
                  | mutation]
  6153 | D:5      | Gained mutation: Your mind is acute. (Int +2) [potion of
                  | mutation]
  6153 | D:5      | Gained mutation: You have a pair of small horns on your
                  | head. [potion of mutation]
  6154 | D:5      | Lost mutation: You have a pair of small horns on your head.
                  | [potion of mutation]
  6154 | D:5      | Lost mutation: You are robust. (+10% HP) [potion of
                  | mutation]
  6154 | D:5      | Lost mutation: Your mind is acute. (Int +2) [potion of
                  | mutation]
  6154 | D:5      | Gained mutation: Your spells are a little easier to cast,
                  | but a little less powerful. [potion of mutation]
  6156 | D:5      | Identified a scroll of acquirement
  6161 | D:5      | Acquired the ring "Ymirigry" {rF+ Will+ rCorr}
  6842 | D:6      | Reached skill level 5 in Air Magic
  6938 | D:6      | Reached * piety under Sif Muna
  7114 | D:6      | Reached skill level 6 in Spellcasting
  7114 | D:6      | Reached skill level 5 in Conjurations
  8042 | D:7      | Reached XP level 9. HP: 17/67 MP: 1/18
  8043 | D:7      | Slain by an orc warrior

Illustrated notes

Levels and vault maps discovered:
D:1:      tarquinn_simple_flora_water_d, layout_basic, minmay_pentomino_q2
D:2:      layout_rooms, basic_altar, ebering_ecumenical_altar_mist, uniq_jessica
D:3:      layout_loops_ring
D:4:      layout_basic, minmay_temple_entry_sparse_star
D:5:      layout_gridville
D:6:      layout_basic, palyth_stone_intersect, st_stairs_8
D:7:      lemuel_castle_with_subvaults [lemuel_castle_interior_carwin_3],
          layout_rooms, enter_bailey_2, minmay_increasing_density, uniq_menkaure
Temple:   regret_index_temple_chain_breaker

Skill      XL: |  1  2  3  4  5  6  7  8 |
---------------+-------------------------+-----
Dodging        | 2 |  2.0
Spellcasting   | 3 4 5 6 |  6.6
Conjurations   | 2 3 4 5 |  5.6
Stealth        | 2 |  2.0
Air Magic      | 4 5 |  5.5
Fighting       | 1 2 |  2.0
Short Blades   | 1 2 3 |  3.6
Transmutations | |  0.3

Action                   |  1- 3 |  4- 6 |  7- 9 || total
-------------------------+-------+-------+-------++-------
Melee: Unarmed           |    29 |       |       ||    29
       Tailslap          |     3 |    13 |    13 ||    29
       Dagger            |    24 |    75 |   114 ||   213
       Punch             |       |       |     2 ||     2
 Cast: Shock             |    51 |    80 |   104 ||   235
       Static Discharge  |     4 |     9 |    18 ||    31
       Airstrike         |       |       |     1 ||     1
       Wereblood         |       |       |     1 ||     1
  Use: Scroll            |     1 |     1 |    11 ||    13
       Potion            |       |     1 |     8 ||     9
Armor: Skin              |    13 |    31 |    83 ||   127
Dodge: Dodged            |    46 |    48 |    91 ||   185

Table legend: (Time is in decaauts)
 A = Elapsed time spent in this place.
 B = Non-inter-level travel time spent in this place.
 C = Inter-level travel time spent in this place.
 D = Time resting spent in this place.
 E = Time spent auto-exploring this place.
 F = Levels seen in this place.
 G = Mean time per level.
                   A        B        C        D        E       F      G
               +--------+--------+--------+--------+--------+-----+--------+
         Total |   8023 |   7675 |    348 |   1212 |   5565 |   8 | 1002.9 |
       Dungeon |   7860 |   7558 |    302 |   1212 |   5471 |   7 | 1122.9 |
        Temple |    162 |    116 |     46 |      0 |     94 |   1 |  162.0 |
               +--------+--------+--------+--------+--------+-----+--------+

Top non-repeatable levels by time:
     D:6: 1670 daAuts
     D:5: 1632 daAuts
     D:4: 1479 daAuts
     D:1: 1246 daAuts
     D:3: 911 daAuts
     D:2: 881 daAuts
  Temple: 162 daAuts
     D:7: 40 daAuts
